 Dungeon Crawl Stone Soup version 0.26.0-16-gc1dbca0489 (webtiles) character file.

Game seed: 14876314665577226147

12 EnegeticOcto the Grave Robber (level 2, -11/19 HPs)
             Began as a Halfling Necromancer on Jan 17, 2021.
             Killed by nerve-wracking pain
             ... invoked by Jessica
              (12 damage)
             ... on level 1 of the Dungeon.
             The game lasted 00:01:01 (1129 turns).

EnegeticOcto the Grave Robber (HaNe)                Turns: 1129, Time: 00:01:02

Health: -11/19     AC:  2    Str:  9    XL:     2   Next: 45%
Magic:  0/4        EV: 15    Int: 13    God:
Gold:   25         SH:  0    Dex: 14    Spells: 3/4 levels left

rFire    . . .     SeeInvis .   b - +0 whip (curse)
rCold    . . .     Faith    .   (shield restricted)
rNeg     . . .     Spirit   .   a - +0 robe
rPois    .         Reflect  .   (no helmet)
rElec    .         Harm     .   (no cloak)
rCorr    .         Rampage  .   (no gloves)
Will     .....                  (no boots)
Stlth    ++........             (no amulet)
HPRegen  0.06/turn              (no ring)
MPRegen  0.09/turn              (no ring)

@: very slightly contaminated, slowed, very slow
A: small, mutation resistance 1
a: no special abilities


You were on level 1 of the Dungeon.
You visited 1 branch of the dungeon, and saw 2 of its levels.

You collected 25 gold pieces.

Inventory:

Hand Weapons
 b - a cursed +0 whip (weapon)
   (You found it on level 1 of the Dungeon)
Missiles
 f - 43 stones
 g - 15 poisoned darts
Armour
 a - a +0 robe (worn)
Scrolls
 c - a scroll of teleportation {unknown}
Potions
 d - 3 potions of curing {unknown}
 e - a potion of mutation {unknown}


   Skills:
 + Level 1.7 Fighting
 - Level 2.1 Dodging
 - Level 2.1 Stealth
 - Level 1.5 Spellcasting
 - Level 3.2 Necromancy


You had 3 spell levels left.
You knew the following spells:

 Your Spells              Type           Power        Failure   Level
a - Pain                  Necr           36%          7%          1

Your spell library contained the following spells:

 Spells                   Type           Power        Failure   Level
 Animate Skeleton         Necr           18%          7%          1
 Vampiric Draining        Necr           4%           22%         3
 Animate Dead             Necr           4%           56%         4
 Agony                    Necr           9%           89%         5


Dungeon Overview and Level Annotations

Branches:
Dungeon (2/15)

Altars:

Annotations:
D:1 Jessica
D:2 Terence


Innate Abilities, Weirdness & Mutations

You are small and have problems with some larger weapons.
You are somewhat resistant to further mutation.


Message History

Press: ? - help, Shift-Dir - straight line, f/p - goblin
Aim: a goblin, wielding a +0 dagger (chance to affect: 76%)
The goblin writhes in agony.
You kill the goblin!
You climb upwards.
There is a stone staircase leading down here.
You start resting.
Your magical contamination has completely faded away.
There is an escape hatch in the floor here.
HP restored.
Magic restored.
There is a stone staircase leading down here.
You start waiting.
Done waiting.
You climb downwards.
Level annotation: Terence 2 rats, a quokka and Jessica come into view.
Jessica is wearing a +2 robe of fire resistance.
Found a fizzy emerald potion.
There is a stone staircase leading up here.
Casting: Pain (safe; 7% risk of failure)
Confirm with . or Enter, or press ? or * to list all spells.
Aiming: Pain (safe; 7% risk of failure)
Press: ? - help, Shift-Dir - straight line, f - Jessica
Aim: Jessica, wearing a +2 robe of fire resistance (asleep, chance to affect: 68%) Jessica struggles to resist.
Jessica drinks a potion.
Jessica suddenly seems more resistant.
You climb upwards.
There is a stone staircase leading down here.
Casting: Pain (safe; 7% risk of failure)
Confirm with . or Enter, or press ? or * to list all spells.
Aiming: Pain (safe; 7% risk of failure)
Press: ? - help, Shift-Dir - straight line, f - Jessica
Aim: Jessica, wearing a +2 robe of fire resistance (unusually resistant, chance to affect: 68%) Jessica writhes in agony.
Jessica hits you.
Casting: Pain (safe; 7% risk of failure)
Confirm with . or Enter, or press ? or * to list all spells.
Aiming: Pain (safe; 7% risk of failure)
Press: ? - help, Shift-Dir - straight line, f/p - Jessica
Aim: Jessica, wearing a +2 robe of fire resistance (moderately wounded, unusually resistant, chance to affect: 68%) Jessica struggles to resist.
Jessica barely misses you.
Casting: Pain (safe; 7% risk of failure)
Confirm with . or Enter, or press ? or * to list all spells.
Aiming: Pain (safe; 7% risk of failure)
Press: ? - help, Shift-Dir - straight line, f/p - Jessica
Aim: Jessica, wearing a +2 robe of fire resistance (moderately wounded, unusually resistant, chance to affect: 68%) Jessica writhes in agony.
Jessica closely misses you.
Casting: Pain (safe; 7% risk of failure)
Confirm with . or Enter, or press ? or * to list all spells.
You don't have enough magic to cast that spell.
You hit Jessica but do no damage.
Jessica is almost dead.
Jessica closely misses you.
You barely miss Jessica.
Jessica is almost dead.
Jessica gestures wildly while chanting.
Jessica seems to speed up.
You closely miss Jessica.
Jessica is almost dead.
Jessica gestures at you while chanting. Pain shoots through your body!
* * * LOW HITPOINT WARNING * * *
Jessica hits you.
* * * LOW HITPOINT WARNING * * *
You are too injured to fight recklessly!
You are too injured to fight recklessly!
You are too injured to fight recklessly!
You are too injured to fight recklessly!
You are too injured to fight recklessly!
You are too injured to fight recklessly!
You are too injured to fight recklessly!
You are too injured to fight recklessly!
You are too injured to fight recklessly!
You are too injured to fight recklessly!
You are too injured to fight recklessly!
You are too injured to fight recklessly!
You are too injured to fight recklessly!
You are too injured to fight recklessly!
You are too injured to fight recklessly!
You hit Jessica but do no damage.
Jessica is almost dead.
Jessica barely misses you. Jessica casts a spell at you.
You barely resist. You barely miss Jessica.
Jessica is almost dead.
Jessica gestures at you while chanting.
You feel yourself slow down.
Casting: Pain (safe; 7% risk of failure)
Confirm with . or Enter, or press ? or * to list all spells.
Aiming: Pain (safe; 7% risk of failure)
Press: ? - help, Shift-Dir - straight line, f/p - Jessica
Aim: Jessica, wearing a +2 robe of fire resistance (almost dead, fast, unusually resistant, chance to affect: 68%)
You miscast Pain.
You are very lightly contaminated with residual magic.
Nothing appears to happen.
Jessica misses you. Jessica gestures at you while chanting.
Pain shoots through your body!
Ouch! That really hurt!
You die...

#........#.#
#........#.# #
#.....####.#
#######.....####.####
.............#......#
..###.#......#.#.##.#
#............##..##.###
#..###.......#8..8#...#
......>........@@...###
....................#
#...##.......#8..8#.#
#...##.......##..##.#
.............###.##.#
.............# #....#
#...##.......######.#
#...##.....>...# #.#
#...........##.# #.#


You could see Jessica (fast, resistant).

Vanquished Creatures
  A dart slug (D:1)
  2 giant cockroaches (D:1)
  A goblin (D:2)
  A hobgoblin (D:1)
  A bat (D:1)
  2 frilled lizards (D:1)
  3 rats (D:1)
11 creatures vanquished.

Notes
Turn   | Place    | Note
-------+----------+-------------------------------------------
     0 | D:1      | EnegeticOcto the Halfling Necromancer began the quest for
                  | the Orb.
     0 | D:1      | Reached XP level 1. HP: 11/11 MP: 3/3
   195 | D:1      | Reached skill level 1 in Fighting
   319 | D:1      | Reached XP level 2. HP: 18/18 MP: 4/4
   990 | D:2      | Noticed Terence
  1117 | D:2      | Noticed Jessica
  1129 | D:1      | Killed from afar by Jessica

Illustrated notes

Levels and vault maps discovered:
D:1:      dpeg_arrival_castle, layout_basic, st_stairs_6
D:2:      layout_basic, chequers_serial_rivers_micro_c, serial_bayou_pond_d,
          grunt_ministairs_3, due_unseen_surprise, uniq_crazy_yiuf_cottage,
          uniq_jessica, uniq_terence, uniq_natasha

Skill      XL: |  1 |
---------------+----+-----
Fighting       | 1 |  1.7
Dodging        | |  2.1
Stealth        | |  2.1
Spellcasting   | |  1.5
Necromancy     | |  3.2

Action                   || total
-------------------------++-------
Melee: Whip              ||    39
 Cast: Pain              ||     6
 Stab: Sleeping          ||     3
Armor: Robe              ||     2
Dodge: Dodged            ||    31
